 Dungeon Crawl Stone Soup version 0.30.1-3-gfc49f6343a (webtiles) character file.

Game seed: 3665101127687507970

230 croobank the Ducker (level 6, 0/44 HPs)
             Began as an Octopode Monk on July 20, 2023.
             Slain by an orc priest
             ... wielding a +0 dagger
              (2 damage)
             ... on level 3 of the Dungeon.
             The game lasted 00:02:51 (1828 turns).

croobank the Ducker (Octopode Monk)                 Turns: 1828, Time: 00:02:52

Health: 0/44       AC:  1    Str: 11    XL:     6   Next: 3%
Magic:  6/6        EV: 14    Int: 14    God:
Gold:   152        SH:  0    Dex: 14    Spells: 5/5 levels left

rFire   . . .        h - +2 dagger (freeze)
rCold   . . .        (no shield)
rNeg    . . .        (helmet restricted)
rPois   .            (no amulet)
rElec   .            (no ring)
rCorr   .            (no ring)
SInv    .            (no ring)
Will    .....        (no ring)
Stlth   ++           (no ring)
HPRegen 0.27/turn    (no ring)
MPRegen 0.10/turn    (no ring)
                     (no ring)

%: no passive effects
@: attractive
A: almost no armour, amphibious, 8 rings, camouflage 1, gelatinous body 1,
(nimble swimmer 1), tentacles
a: no special abilities


You were on level 3 of the Dungeon.
You visited 1 branch of the dungeon, and saw 3 of its levels.

You collected 152 gold pieces.

Inventory:

Hand Weapons
 a - a +0 short sword
 g - a +0 hand axe of freezing
 h - a +2 dagger of freezing (weapon)
 o - a +0 long sword
Armour
 c - an orb of light
Scrolls
 f - 2 scrolls of noise {unknown}
 i - a scroll of blinking {unknown}
 j - a scroll of magic mapping {unknown}
 l - 2 scrolls of enchant weapon {unknown}
 n - 4 scrolls of identify {unknown}
Potions
 e - a potion of curing {unknown}
 k - 2 potions of flight {unknown}
 m - a potion of degeneration {unknown}
 p - 2 potions of brilliance {unknown}


   Skills:
 + Level 4.4 Fighting
 + Level 4.4 Short Blades
 + Level 4.4 Dodging


You had 5 spell levels left.
You didn't know any spells.
Your spell library contained the following spells:

 Spells                   Type           Power      Damage    Failure   Level
 Inner Flame              Hex/Fire       0%         N/A       65%         3
 Yara's Violent Unravell  Hex/Tmut       0%         3d3       100%        5
 Enfeeble                 Hex            0%         N/A       100%        7


Dungeon Overview and Level Annotations

Branches:
Dungeon (3/15)

Altars:


Innate Abilities, Weirdness & Mutations

You cannot wear most types of armour.
You are amphibious.
You can wear up to eight rings at the same time.
Your skin changes colour to match your surroundings (Stealth+).
Your rubbery body absorbs attacks. (AC +1, EV +1)
((You are camouflaged when in or above water. (Stealth+)))
You have tentacles for arms and can constrict up to eight enemies at once.


Message History

Beogh smites you!
* * * LOW HITPOINT WARNING * * *
You are confused.
You feel invigorated.
An orc comes into view. It is wielding a +0 dagger.
Something hits you.
* * * LOW HITPOINT WARNING * * *
You're too confused to move!
You hear some strange, mumbled words.
A magic dart appears from out of thin air!
The magic dart hits you!
* * * LOW HITPOINT WARNING * * *
You barely miss something.
You're too confused to move!
The orc priest mumbles some strange prayers to Beogh against you.
Beogh smites you!
The orc priest hits you with a +0 dagger.
You hear some strange, mumbled words.
A puff of flame appears from out of thin air!
The puff of flame hits you!
* * * LOW HITPOINT WARNING * * *
You miss something.
The orc priest hits you with a +0 dagger.
* * * LOW HITPOINT WARNING * * *
You're too confused to move!
You feel less invigorated.
You feel less confused. The orc priest closely misses you.
You hit the orc but do no damage. Your grab misses the orc.
The orc priest misses you. The orc hits you with a +0 dagger.
* * * LOW HITPOINT WARNING * * *
Something hits you.
* * * LOW HITPOINT WARNING * * *
Okay, then.
Okay, then.
It was a potion of attraction.
You feel attractive to monsters. The orc hits you with a +0 dagger.
* * * LOW HITPOINT WARNING * * *
The orc priest hits you with a +0 dagger.
You die...

. o.{o.# #...# #. .
...# #...# #.
.####.######...#####.
##
..................†..
.. #..........)........
#.##.#[.#o............#
#.......#.####...######
##..###.# #...#
#.o@oo.# #...# ##.#####
#...# #.# ..... ####
#.# #####.#... ..#
.#.## ### ..... .....
...## .# ..


You could see an orc priest and 2 orcs.

Vanquished Creatures
  Grinder (D:3)
  An adder (D:3)
  A worm (D:2)
  2 dart slugs
  An orc (D:3)
  6 bats
  3 endoplasms (D:2)
  3 giant cockroaches
  5 goblins
  A hobgoblin (D:1)
  2 ball pythons (D:2)
  A frilled lizard (D:2)
  3 kobolds
  2 rats
32 creatures vanquished.

Notes
Turn   | Place    | Note
-------+----------+-------------------------------------------
     0 | D:1      | croobank the Octopode Monk began the quest for the Orb.
     0 | D:1      | Reached XP level 1. HP: 16/16 MP: 1/1
   276 | D:1      | Reached XP level 2. HP: 21/21 MP: 2/2
  1350 | D:2      | Reached XP level 3. HP: 20/26 MP: 3/3
  1647 | D:3      | Noticed Grinder
  1657 | D:3      | Killed Grinder
  1658 | D:3      | Reached XP level 4. HP: 34/34 MP: 4/4
  1658 | D:3      | Reached XP level 5. HP: 38/38 MP: 5/5
  1815 | D:3      | Reached XP level 6. HP: 30/44 MP: 6/6
  1828 | D:3      | HP: 2/44 [orc/+0 dagger (4)]
  1828 | D:3      | Slain by an orc priest

Illustrated notes

Levels and vault maps discovered:
D:1:      sevenhm_arrival_forest_fort_large_2, layout_basic,
          serial_corexii_hall, chequers_hall_statues_corner_a,
          corexii_hall_statues_i, chequers_hall_statues_wall_a,
          chequers_hall_statues_corner_a
D:2:      layout_loops_cross, minmay_surrounded
D:3:      layout_loops_cross, minmay_close_crescents, uniq_grinder

Skill      XL: |  1  2  3 |
---------------+----------+-----
Fighting       | 4 |  4.4
Short Blades   | 4 |  4.4
Dodging        | 4 |  4.4

Action                     |  1- 3 |  4- 6 || total
---------------------------+-------+-------++-------
  Melee: Short sword       |    14 |       ||    14
         Constrict         |    15 |     4 ||    19
         Tentacles         |    10 |     2 ||    12
         Dagger            |    41 |    16 ||    57
         Punch             |     1 |       ||     1
    Use: Potion            |       |     2 ||     2
   Stab: Sleeping          |     9 |       ||     9
 Armour: Skin              |     4 |       ||     4
  Dodge: Dodged            |    29 |    11 ||    40
